 Dungeon Crawl Stone Soup version 0.19.5 (webtiles) character file.

142 JeffiDaFish the Conjurer (level 5, -5/39 HPs)
             Began as a Draconian Conjurer on Oct 25, 2017.
             Slain by an orc
             ... wielding a +0 morningstar
              (8 damage)
             ... on level 2 of the Dungeon.
             The game lasted 00:07:02 (2179 turns).

JeffiDaFish the Conjurer (Draconian Conjurer)       Turns: 2179, Time: 00:07:03

Health: -5/39      AC:  5    Str:  9 (10) XL:     5   Next: 3%
Magic:  7/9        EV: 12    Int: 16      God:
Gold:   118        SH:  0    Dex: 12      Spells: 3 memorised, 3 levels left

rFire  . . .     SeeInvis .     g - +1 short sword
rCold  . . .     Gourm    .     (armour unavailable)
rNeg   + . .     Faith    .     (no shield)
rPois  .         Spirit   .     (helmet restricted)
rElec  .         Reflect  .     (no cloak)
rCorr  .         Harm     .     (no gloves)
MR     .....                    (no boots)
Stlth  ++........               e - amulet of rage
                                (no ring)
                                j - ring of positive energy

@: invisible
A: unfitting armour, cold-blooded, AC +5
a: Evoke Berserk Rage


You were on level 2 of the Dungeon.
You were hungry.

You visited 1 branch of the dungeon, and saw 3 of its levels.

You collected 118 gold pieces.

Inventory:

Hand Weapons
 g - a +1 short sword (weapon)
 m - a +1 whip of draining
Missiles
 d - 2 javelins (quivered)
Jewellery
 e - an amulet of rage (around neck)
 j - a ring of positive energy (left hand)
Books
 a - a book of Conjurations

   Spells                             Type                      Level
   a - Magic Dart                     Conjuration                  1
   b - Searing Ray                    Conjuration                  2
   c - Dazzling Spray                 Conjuration/Hexes            3
   d - Fulminant Prism                Conjuration/Hexes            4
   e - Iskenderun's Mystic Blast      Conjuration                  4
   f - Iskenderun's Battlesphere      Conjuration/Charms           5
Comestibles
 b - 2 bread rations
 f - 3 meat rations
 i - 3 fruits
 k - a slice of pizza
 l - a beef jerky


   Skills:
 + Level 0.9 Fighting
 + Level 1.0 Short Blades
 + Level 1.5 Throwing
 + Level 2.4 Dodging
 + Level 1.9 Stealth
 + Level 0.4 Unarmed Combat
 + Level 2.7 Spellcasting
 + Level 4.8 Conjurations


You had 3 spell levels left.
You knew the following spells:

 Your Spells              Type           Power        Failure   Level  Hunger
a - Magic Dart            Conj           ###.         2%          1    #......
b - Searing Ray           Conj           ###...       4%          2    ##.....
c - Dazzling Spray        Conj/Hex       #.....       21%         3    ###....


Dungeon Overview and Level Annotations

Branches:
Dungeon (3/15)

Altars:


Innate Abilities, Weirdness & Mutations

Your plain brown scales are hard. (AC +5)
You cannot fit into any form of body armour.
You are cold-blooded and may be slowed by cold attacks.


Message History

The jackal bites you but does no damage.
The orc barely misses you.
The jackal bites you but does no damage. x2
You see here an adder corpse.
You closely miss the jackal.
The jackal is heavily wounded.
The jackal closely misses you.
You closely miss the jackal.
The jackal is heavily wounded.
The jackal bites you but does no damage.
The orc hits you with a morningstar!
* * * LOW HITPOINT WARNING * * *
The jackal misses you.
You closely miss the jackal.
The jackal is heavily wounded.
The orc closely misses you. The jackal bites you.
* * * LOW HITPOINT WARNING * * *
You fade into invisibility!
The jackal barely misses you. The orc hits you with a morningstar!
You die...

#..# #.#
#.##...#....)#.
##.# #.#
#.####.###.###.
#.# #.#
#.####...#)#...
#.# #.#
#.#>.....###...
#.# #.#
#.#.###......##
#.# #.# #.#.#
#...####
#.###.####.#.#
#####
#.##.#..o..#.#
#......@h....#
##############


You could see an orc and a jackal.

Vanquished Creatures
  4 gnolls (D:2)
  4 adders (D:2)
  2 worms (D:2)
  3 dart slugs
  2 leopard geckos (D:2)
  6 giant cockroaches
  3 goblins
  5 hobgoblins
  A jackal (D:2)
  5 bats
  8 frilled lizards
  9 kobolds
  7 rats
59 creatures vanquished.

Notes
Turn   | Place    | Note
-------+----------+-------------------------------------------
     0 | D:1      | JeffiDaFish the Draconian Conjurer began the quest for the Orb.
     0 | D:1      | Reached XP level 1. HP: 14/14 MP: 3/3
   209 | D:1      | Reached XP level 2. HP: 17/20 MP: 5/5
   420 | D:1      | Learned a level 2 spell: Searing Ray
   905 | D:1      | Reached XP level 3. HP: 26/26 MP: 6/6
  1048 | D:2      | Learned a level 3 spell: Dazzling Spray
  1268 | D:2      | Reached skill level 1 in Throwing
  1361 | D:2      | Reached XP level 4. HP: 29/33 MP: 5/7
  2174 | D:2      | Reached skill level 1 in Short Blades
  2174 | D:2      | Reached XP level 5. HP: 14/39 MP: 7/9
  2179 | D:2      | Slain by an orc

Skill      XL: |  1  2  3  4 |
---------------+-------------+-----
Dodging        | 2 |  2.4
Throwing       | 1 |  1.5
Short Blades   | 1 |  1.0
Fighting       | |  0.9
Stealth        | |  1.9
Unarmed Combat | |  0.4
Spellcasting   | |  2.7
Conjurations   | |  4.8

Action                   |  1- 3 |  4- 6 || total
-------------------------+-------+-------++-------
Melee: Unarmed           |    13 |       ||    13
       Tailslap          |     5 |     6 ||    11
       Short sword       |    42 |    67 ||   109
Throw: Javelin           |    25 |     2 ||    27
 Cast: Magic Dart        |    40 |    18 ||    58
       Searing Ray       |     2 |     3 ||     5
       Dazzling Spray    |       |     1 ||     1
  Use: Potion            |     6 |     2 ||     8
       Scroll            |     4 |       ||     4
 Stab: Sleeping          |       |     2 ||     2
  Eat: Chunk             |     2 |     3 ||     5
Armor: Skin              |    18 |    25 ||    43
Dodge: Dodged            |    38 |    78 ||   116
